 Dungeon Crawl Stone Soup version 0.22-a0-348-gd16d139 (webtiles) character file.

3026 BaronVonScrub the Cleaver (level 9, -8/68 HPs)
             Began as a Demonspawn Fighter on Apr 9, 2018.
             Was a Priest of Okawaru.
             Mangled by a two-headed ogre
             ... wielding a +0 giant club
              (16 damage)
             ... on level 8 of the Dungeon.
             The game lasted 00:24:55 (7790 turns).

BaronVonScrub the Cleaver (Demonspawn Fighter)      Turns: 7790, Time: 00:24:56

Health: -8/68      AC: 10    Str: 24    XL:     9   Next: 55%
Magic:  0/15       EV:  5    Int: 11    God:    Okawaru [***...]
Gold:   444        SH: 15    Dex: 16    Spells: 16/16 levels left

rFire    x . .     SeeInvis .   g - +0 broad axe
rCold    + . .     Gourm    .   x - +0 large shield
rNeg     . . .     Faith    .   b - +0 scale mail
rPois    .         Spirit   +   e - +0 helmet
rElec    .         Reflect  .   (no cloak)
rCorr    .         Harm     .   p - +0 pair of gloves
MR       .....                  (no boots)
Stlth    +.........             i - amulet of magic regeneration
HPRegen  0.21/turn              o - ring of ice
MPRegen  0.39/turn              (no ring)

@: mighty
A: talons 2, thin skeletal structure 2, spiny 1, magic shield
a: Heroism, Renounce Religion


You were on level 8 of the Dungeon.
You worshipped Okawaru.
Okawaru was most pleased with you.
You were hungry.

You visited 1 branch of the dungeon, and saw 8 of its levels.

You collected 444 gold pieces.

Inventory:

Hand Weapons
 a - a +1 war axe
 g - a +0 broad axe (weapon)
Armour
 b - a +0 scale mail (worn)
 c - a +0 shield
 e - a +0 helmet (worn)
 p - a +0 pair of gloves (worn)
 x - a +0 large shield (worn)
Jewellery
 i - an amulet of magic regeneration (around neck)
 o - a ring of ice (left hand)
 u - an uncursed ring of positive energy {unknown}
Wands
 r - a wand of scattershot (4)
Scrolls
 h - 7 scrolls of teleportation
 k - 7 scrolls of identify
 l - a scroll of remove curse
 n - 2 scrolls of blinking
 q - a scroll of amnesia
 s - a scroll of magic mapping
 t - a scroll of noise {unknown}
Potions
 d - a potion of might
 j - a potion of brilliance
 m - 2 potions of resistance
 v - a potion of curing
Comestibles
 f - 6 rations


   Skills:
 + Level 5.6 Fighting
 + Level 8.2 Axes
 + Level 7.0 Armour
 - Level 0.3 Stealth
 - Level 3.6 Shields
 - Level 4.0 Spellcasting


You had 16 spell levels left.
You didn't know any spells.

Dungeon Overview and Level Annotations

Branches:
Dungeon (8/15)             Temple (0/1) D:6
   Lair: D:8-11

Altars:
Cheibriados
Dithmenos
Okawaru
Qazlal
Uskayaw
Xom
Yredelemnul
Zin

Annotations:
D:8 Psyche


Innate Abilities, Weirdness & Mutations

You have razor-sharp toenails.
You have a moderately thin skeletal structure. (Dex +4, Stealth+)
You are partially covered in sharp spines.
When hurt, damage is shared between your health and your magic reserves.


Message History

You block the two-headed ogre's attack. x2
The two-headed ogre hits you with a giant club!!
* * * LOW HITPOINT WARNING * * *
You feel very mighty all of a sudden.
You hit the two-headed ogre but do no damage.
Your kick misses the two-headed ogre.
The two-headed ogre is moderately wounded.
You block the two-headed ogre's attack. x2
You hit the two-headed ogre. Your kick misses the two-headed ogre.
The two-headed ogre is heavily wounded.
The two-headed ogre is struck by your spines.
The two-headed ogre hits you with a giant club!
* * * LOW HITPOINT WARNING * * *
You block the two-headed ogre's attack.
Your shield and scale mail prevent you from hitting the two-headed ogre.
You claw the two-headed ogre!
The two-headed ogre is severely wounded.
The two-headed ogre is struck by your spines.
The two-headed ogre hits you with a giant club!!
You die...

######## #......#
#......# #@.....#
#O###### ..# ###
.#.#
########.......+
#.##..........##
###..........><..#
#....#..#
####.#.###
..##....####<......


You could see a two-headed ogre.

Vanquished Creatures
  The ghost of Terra the Changer, a novice MfTm of Wu Jian (D:7)
  The ghost of edsrzf the Magician, a novice OpWz of Gozag (D:6)
  A hippogriff (D:7)
  A hungry ghost (D:7)
  2 orc warriors
  2 ogres
  A necrophage (D:6)
  A centaur (D:7)
  A gnoll sergeant (D:6)
  2 scorpions
  2 howler monkeys (D:8)
  A bullfrog zombie (D:7)
  Crazy Yiuf (D:2)
  5 hounds
  4 orc priests
  10 orc wizards
  2 bullfrog skeletons
  Jessica (D:2)
  3 iguanas
  Ijyb (D:5)
  5 worker ants
  Robin (D:3)
  A worker ant zombie (D:8)
  6 gnolls
  11 adders
  A shadow imp (D:5)
  2 worms
  4 leopard geckos
  31 orcs
  A ball python (D:2)
  6 bats
  5 giant cockroaches
  20 goblins
  9 hobgoblins
  8 jackals
  5 kobolds
  5 quokkas
  3 frilled lizards
  2 leopard gecko skeletons
  2 quokka skeletons
  10 rats
  A plant (D:3)
182 creatures vanquished.

Vanquished Creatures (others)
  2 plants (D:3)
2 creatures vanquished.

Grand Total: 184 creatures vanquished

Notes
Turn   | Place    | Note
-------+----------+-------------------------------------------
     0 | D:1      | BaronVonScrub the Demonspawn Fighter began the quest for the Orb.
     0 | D:1      | Reached XP level 1. HP: 18/18 MP: 1/1
   423 | D:1      | Reached skill level 2 in Axes
   488 | D:1      | Gained mutation: When hurt, damage is shared between your health and your magic reserves. [demonic ancestry]
   488 | D:1      | Reached XP level 2. HP: 24/24 MP: 2/2
  1007 | D:2      | Reached XP level 3. HP: 27/29 MP: 4/4
  1099 | D:2      | Reached skill level 1 in Spellcasting
  1134 | D:2      | Found a runed door.
  1548 | D:2      | Gained mutation: You have sharp toenails. [demonic ancestry]
  1548 | D:2      | Reached XP level 4. HP: 6/35 MP: 1/6
  1827 | D:2      | Found an iron altar of Okawaru.
  1938 | D:2      | Became a worshipper of Warmaster Okawaru
  1976 | D:2      | Noticed Jessica
  2001 | D:2      | Killed Jessica
  2356 | D:2      | Noticed Crazy Yiuf
  2360 | D:2      | Killed Crazy Yiuf
  2360 | D:2      | Reached skill level 3 in Axes
  2360 | D:2      | Gained mutation: You are partially covered in sharp spines. [demonic ancestry]
  2360 | D:2      | Reached XP level 5. HP: 35/41 MP: 5/7
  2430 | D:3      | Noticed Robin
  2454 | D:3      | Killed Robin
  3094 | D:3      | Reached XP level 6. HP: 39/47 MP: 6/9
  3194 | D:3      | Reached * piety under Okawaru
  3293 | D:4      | Reached skill level 4 in Axes
  3544 | D:4      | Found a snail-covered altar of Cheibriados.
  3582 | D:4      | Found a hide-covered altar of Uskayaw.
  3887 | D:4      | Found a shimmering altar of Xom.
  3987 | D:4      | Found a basalt altar of Yredelemnul.
  4066 | D:5      | Entered Level 5 of the Dungeon
  4067 | D:5      | Found a shadowy altar of Dithmenos.
  4083 | D:5      | Noticed Ijyb
  4096 | D:5      | Killed Ijyb
  4096 | D:5      | Gained mutation: You have a somewhat thin skeletal structure. (Dex +2, Stealth) [demonic ancestry]
  4096 | D:5      | Reached XP level 7. HP: 29/52 MP: 11/11
  4695 | D:5      | Found a stormy altar of Qazlal.
  4710 | D:5      | Reached skill level 5 in Axes
  5401 | D:6      | Found a staircase to the Ecumenical Temple.
  5401 | D:6      | Noticed edsrzf's ghost (novice OpWz)
  5417 | D:6      | Killed edsrzf's ghost
  5417 | D:6      | Reached skill level 5 in Armour
  5417 | D:6      | Gained mutation: You have razor-sharp toenails. [demonic ancestry]
  5417 | D:6      | Reached XP level 8. HP: 17/60 MP: 4/13
  5461 | D:6      | Reached ** piety under Okawaru
  5654 | D:6      | Reached skill level 6 in Axes
  6744 | D:7      | Found a glowing silver altar of Zin.
  6745 | D:7      | Noticed an angel
  6769 | D:7      | Noticed Terra's ghost (novice MfTm)
  6779 | D:7      | Killed Terra's ghost
  6779 | D:7      | Reached skill level 7 in Axes
  6779 | D:7      | Gained mutation: You have a moderately thin skeletal structure. (Dex +4, Stealth+) [demonic ancestry]
  6779 | D:7      | Reached XP level 9. HP: 49/67 MP: 12/15
  6792 | D:7      | Reached *** piety under Okawaru
  6842 | D:7      | Reached skill level 5 in Fighting
  7182 | D:7      | Reached skill level 8 in Axes
  7694 | D:8      | Noticed Psyche
  7700 | D:8      | Noticed a two-headed ogre
  7779 | D:8      | Noticed a two-headed ogre
  7790 | D:8      | Mangled by a two-headed ogre

Vault maps used:
D:1:      dpeg_arrival_round_c, minmay_misc_feat_hallway
D:2:      minmay_wonky_spiral, okawaru_altar_gauntlet_db, kennysheep_boxes,
          uniq_jessica, uniq_crazy_yiuf_cottage
D:3:      first_ration, serial_bayou, serial_bayou_pond_b,
          serial_bayou_lagoon_a, serial_bayou_lake_a, serial_bayou_pond_e,
          serial_bayou_ford_a, uniq_robin
D:4:      kennysheep_mini_moat, marbit_many_paths,
          amethyst_overflow_temple_binary, minmay_ruptured
D:5:      nicolae_dithmenos_shadow_blocks, old_standard_altar, uniq_ijyb
D:6:      minmay_temple_entry_trees
D:7:      zin_angel
D:8:      kennysheep_little_box, uniq_psyche

Skill      XL: |  1  2  3  4  5  6  7  8  9 |
---------------+----------------------------+-----
Axes           | 2 3 4 5 7 8 |  8.2
Armour         | 3 4 5 6 7 |  7.0
Spellcasting   | 1 2 3 4 |  4.0
Shields        | 3 |  3.6
Fighting       | 4 5 |  5.6
Stealth        | |  0.3

Action                   |  1- 3 |  4- 6 |  7- 9 || total
-------------------------+-------+-------+-------++-------
Melee: War axe           |   155 |   173 |   112 ||   440
       Kick              |       |    52 |    51 ||   103
       Broad axe         |       |       |    79 ||    79
  Use: Potion            |     3 |     5 |     4 ||    12
       Scroll            |     1 |     5 |     4 ||    10
 Stab: Invisible         |       |       |     1 ||     1
       Distracted        |       |       |     1 ||     1
  Eat: Chunk             |     2 |     8 |     7 ||    17
       Ration            |       |       |     2 ||     2
Armor: Scale mail        |    96 |    76 |    81 ||   253
Dodge: Dodged            |    58 |    45 |    55 ||   158
Block: Shield            |    81 |    81 |    90 ||   252
       Large shield      |       |       |    26 ||    26

Table legend:
 A = Spawn XP
 B = Non-spawn XP
 C = Spawn XP percentage of total XP
 D = Spawn monster count
 E = Non-spawn monster count
 F = Spawn count percentage of total count
 G = Total turns spent on level
                    A         B        C        D         E        F      G
               +---------+---------+-------+---------+---------+-------+---------
         Total |       0 |    4323 |   0.0 |       0 |     181 |   0.0 |  7790
               +---------+---------+-------+---------+---------+-------+---------
           D:1 |       0 |      30 |   0.0 |       0 |      16 |   0.0 |   875
           D:2 |       0 |     167 |   0.0 |       0 |      30 |   0.0 |  1541
           D:3 |       0 |     266 |   0.0 |       0 |      40 |   0.0 |   866
           D:4 |       0 |     153 |   0.0 |       0 |      16 |   0.0 |   784
           D:5 |       0 |     530 |   0.0 |       0 |      21 |   0.0 |  1660
           D:6 |       0 |    1247 |   0.0 |       0 |      29 |   0.0 |  1010
           D:7 |       0 |    1716 |   0.0 |       0 |      21 |   0.0 |   876
           D:8 |       0 |     214 |   0.0 |       0 |       8 |   0.0 |   178
               +---------+---------+-------+---------+---------+-------+---------
